AoeStats
← Anemone689082

Arabia

506839185Analyzed
1v1 RM · 16d ago on Sep 15, 2026· 14m 19s· 2 players
Game mode
Random Map
Map size
Tiny (2 player)
Population
200
Speed
Normal
Resources
Standard
Victory
Conquest
Starting age
Dark Age
Ending age
Imperial Age
RankedLock teamsTeams togetherTeam positionsShared explorationLock speedFull tech treeHidden civsTurbo modeCheats
Victory
Defeat
🇺🇸 Armenians · United States
1233
+16
🇨🇭 Huns · Switzerland
1235
-16
Pinzon
6:38 Loom
9:06 Feudal Age
9:23 Man-at-Arms
12:16 Double-Bit Axe
Anemone689082
6:57 Loom
9:37 Feudal Age
11:36 Double-Bit Axe
11:58 Horse Collar
Connection lost

Rejoining the realm…

Still unreachable

The connection could not be restored.

Session expired

The server has moved on; the page needs a fresh start.